 Dungeon Crawl Stone Soup version 0.24.0-123-gd5b16e6ec5 (webtiles) character file.

Game seed: 5940394744134604807, levelgen mode: deterministic

1596 Amplified the Fighter (level 8, 0/69 HPs)
             Began as a Merfolk Wanderer on Jan 9, 2020.
             Was a Believer of Makhleb.
             Killed from afar by Harold the shock serpent (27 damage)
             ... with a bolt of electricity
             ... on level 9 of the Dungeon.
             The game lasted 00:13:21 (7455 turns).

Amplified the Fighter (Merfolk Wanderer)            Turns: 7455, Time: 00:13:22

Health: 0/69       AC: 11    Str: 14    XL:     8   Next: 93%
Magic:  18/18      EV:  5    Int:  9    God:    Makhleb [**....]
Gold:   113        SH: 15    Dex: 16    Spells: 5/7 levels left

rFire    . . .     SeeInvis .   u - +2 broad axe (holy)
rCold    . . .     Gourm    .   g - +0 large shield
rNeg     . . .     Faith    .   b - +2 scale mail
rPois    .         Spirit   .   c - +2 hat
rElec    .         Reflect  .   l - scarf {repulsion}
rCorr    .         Harm     .   (no gloves)
MR       .....                  i - +0 pair of boots
Stlth    +.........             t - amulet of the acrobat
HPRegen  0.21/turn              k - ring of stealth
MPRegen  0.16/turn              j - ring of magical power

@: repel missiles
A: change form in water, swift swim, stealthy swim
a: Minor Destruction, Renounce Religion


You were on level 9 of the Dungeon.
You worshipped Makhleb.
Makhleb was pleased with you.
You were not hungry.

You visited 1 branch of the dungeon, and saw 9 of its levels.

You collected 271 gold pieces.
You spent 158 gold pieces at shops.

Inventory:

Hand Weapons
 e - the +8 falchion of the Fray {pain, MR+++ MP-9 Str+2 Int+4}
   (You found it on level 7 of the Dungeon)

   In the hands of one skilled in necromantic magic, it inflicts extra damage on
   living creatures.
   It affects your strength (+2).
   It affects your intelligence (+4).
   It affects your resistance to hostile enchantments.
   It affects your magic capacity (-9).
 u - a +2 broad axe of holy wrath (weapon)
 y - a +0 trident of protection
Missiles
 a - 3 poisoned darts
 m - 4 boomerangs (quivered)
 n - 2 throwing nets
 q - 45 arrows
Armour
 b - a +2 scale mail (worn)
 c - a +2 hat (worn)
 g - a +0 large shield (worn)
 i - a +0 pair of boots (worn)
 l - a scarf of repulsion (worn)
Jewellery
 j - a ring of magical power (right hand)
 k - a ring of stealth (left hand)
 t - an amulet of the acrobat (around neck)
Wands
 v - a wand of polymorph (7)
Scrolls
 o - a scroll of remove curse
 s - a scroll of amnesia
 w - a scroll of fog
 x - a scroll of torment
Potions
 d - 3 potions of curing
 p - a potion of might
 r - 2 potions of flight
Comestibles
 f - 3 rations
 h - 3 chunks of flesh


   Skills:
 * Level 8.5 Fighting
 * Level 1.2(2.3) Axes
 - Level 5.4(5.6) Polearms
   Level 1.0 Bows
 - Level 2.1 Armour
 - Level 0.3 Dodging
 * Level 7.0 Shields
 - Level 2.0 Evocations


You had 5 spell levels left.
You knew the following spells:

 Your Spells              Type           Power        Failure   Level  Hunger
a - Blink                 Tloc           N/A          100%        2    ###....

Your spell library contained the following spells:

 Spells                   Type           Power        Failure   Level  Hunger
 Magic Dart               Conj           #...         100%        1    ##.....
 Call Imp                 Summ           #.......     100%        2    ###....
 Slow                     Hex            #.......     100%        2    ###....
 Conjure Flame            Conj/Fire      #.......     100%        3    ####...
 Mephitic Cloud           Conj/Pois/Air  #.......     100%        3    ####...


Dungeon Overview and Level Annotations

Branches:
Dungeon (9/15)
 Temple: D:4-7         Lair: D:8-11         Orc: D:9-12

Altars:
Makhleb

Shops:
D:4 [   D:8 *[

Annotations:
D:9 Harold


Message History

Harold is lightly wounded.
Harold hits you with a +2 flail of protection.
Evoke which item? (* to show all) (? for menu, Esc to quit)
Aiming: Polymorph
Press: ? - help, Shift-Dir - straight line, f - Harold
Aim: Harold, wielding a +2 flail of protection and wearing a +0 ring mail (lightly wounded, chance to defeat MR: 19%) Harold evaporates and reforms as a shock serpent!
Harold bites you! Harold shocks you!
Okay, then.
Okay, then.
Okay, then.
Okay, then.
Evoke which item? (* to show all) (? for menu, Esc to quit)
Aiming: Polymorph
Press: ? - help, Shift-Dir - straight line, f/p - Harold
Aim: Harold the shock serpent (chance to defeat MR: 34%) Harold easily resists.
Harold bites you. Harold shocks you!
Harold shoots out a bolt of lightning at you!
The bolt of electricity hits you!!
You die...

#.. #.# #.# #.# ...
#.### ..## #)..+ ...#
.######..# ..###
......S@.# ..#..
########.# #.#.# #.#
#.#.# #.# #.#.#####
#######.#####.#.....##
......................
#........#....#####.##
#.########.#### #.#


You could see Harold the shock serpent.

Vanquished Creatures
  A hornet zombie (D:5)
  3 phantoms (D:7)
  An ogre (D:7)
  2 centaurs
  3 bullfrogs
  3 howler monkeys (D:7)
  A crimson imp (D:5)
  A bullfrog zombie (D:5)
  A jelly (D:7)
  5 orc priests
  5 hounds
  A centaur skeleton (D:4)
  3 orc wizards
  2 worker ants
  6 adders
  3 shadow imps
  An adder skeleton (D:8)
  2 worms
  A dart slug (D:4)
  2 leopard geckos
  25 orcs
  4 bats
  4 giant cockroaches
  2 goblins
  5 hobgoblins
  10 kobolds
  2 quokkas
  A ball python (D:1)
  4 frilled lizards
  2 rats
106 creatures vanquished.

Notes
Turn   | Place    | Note
-------+----------+-------------------------------------------
     0 | D:1      | Amplified the Merfolk Wanderer began the quest for the Orb.
     0 | D:1      | Amplified set off with the following items: a +0 shortbow,
                  | a +2 scale mail, 23 arrows, a potion of curing, a ration
     0 | D:1      | Reached XP level 1. HP: 18/18 MP: 2/2
   250 | D:1      | Reached XP level 2. HP: 24/24 MP: 3/3
   312 | D:1      | Reached skill level 1 in Shields
   815 | D:2      | Reached skill level 4 in Fighting
   815 | D:2      | Reached XP level 3. HP: 25/30 MP: 4/4
  1646 | D:3      | Reached XP level 4. HP: 38/38 MP: 5/5
  2143 | D:3      | Found a burning altar of Makhleb.
  2172 | D:3      | Became a worshipper of Makhleb the Destroyer
  2566 | D:4      | Reached skill level 5 in Fighting
  2566 | D:4      | Reached XP level 5. HP: 20/44 MP: 6/6
  3196 | D:4      | Reached XP level 6. HP: 36/52 MP: 7/7
  3331 | D:4      | Found Kodimp's Antique Armour Emporium.
  3339 | D:4      | Bought a cloak for 90 gold pieces
  3914 | D:5      | Entered Level 5 of the Dungeon
  4050 | D:5      | Reached skill level 6 in Fighting
  4279 | D:5      | Reached XP level 7. HP: 45/59 MP: 8/8
  4298 | D:5      | Reached * piety under Makhleb
  4332 | D:5      | Reached skill level 5 in Shields
  5040 | D:4      | Reached skill level 7 in Fighting
  5901 | D:7      | Reached skill level 1 in Polearms
  6048 | D:7      | Reached XP level 8. HP: 54/67 MP: 9/9
  6051 | D:7      | Got an iridescent falchion
  6052 | D:7      | Identified the +8 falchion of the Fray {pain, MR+++ MP-9
                  | Str+2 Int+4} (You found it on level 7 of the Dungeon)
  6441 | D:7      | Learned a level 2 spell: Blink
  6604 | D:7      | Reached skill level 8 in Fighting
  6866 | D:7      | Reached skill level 5 in Polearms
  7049 | D:8      | Found Wierot's Assorted Antiques.
  7060 | D:8      | Bought a scroll labeled IMPEREOGOXT for 34 gold pieces
  7060 | D:8      | Bought a scroll labeled NEXOHIGAOT for 34 gold pieces
  7168 | D:8      | Reached ** piety under Makhleb
  7192 | D:8      | Identified a scroll of acquirement
  7269 | D:8      | Found Puyc's Armour Boutique.
  7451 | D:9      | Noticed Harold
  7454 | D:9      | Noticed Harold
  7454 | D:9      | Harold changed into Harold the shock serpent
  7455 | D:9      | Killed from afar by Harold the shock serpent

Levels and vault maps discovered:
D:1:      lightli_arrival_statuegarden, layout_basic
D:2:      layout_rooms, first_ration
D:3:      layout_basic, bloody_makhleb
D:4:      layout_cave_pods, serial_shops, shop
D:5:      layout_loops_ring, kennysheep_generic_room_6
D:6:      layout_basic, minmay_temple_entry_slanted
D:7:      layout_gridville, chequers_garden
D:8:      layout_basic, serial_shops, shop, shop_fountains,
          hangedman_pestilent_swarm
D:9:      layout_basic, nicolae_gozag_seed_capital, erik_lair_island,
          uniq_harold

Skill      XL: |  1  2  3  4  5  6  7  8 |
---------------+-------------------------+-----
Shields        | 1 2 3 4 6 7 |  7.0
Fighting       | 4 5 6 7 8 |  8.5
Polearms       | 2 5 |  5.4
Axes           | |  1.2
Bows           | |  1.0
Armour         | |  2.1
Dodging        | |  0.3
Evocations     | |  2.0

Action                   |  1- 3 |  4- 6 |  7- 9 || total
-------------------------+-------+-------+-------++-------
Melee: Short sword       |    18 |   338 |    19 ||   375
       Falchion          |       |       |   198 ||   198
       Trident           |       |       |    45 ||    45
       Broad axe         |       |       |    18 ||    18
 Fire: Shortbow          |   122 |    13 |       ||   135
Throw: Boomerang         |       |    25 |       ||    25
Evoke: Wand              |       |       |     3 ||     3
  Use: Scroll            |     6 |     2 |     6 ||    14
       Potion            |     2 |     5 |       ||     7
  Eat: Chunk             |     2 |     2 |    11 ||    15
       Ration            |       |     2 |       ||     2
Armor: Scale mail        |    65 |   208 |   126 ||   399
Dodge: Dodged            |    38 |   151 |    75 ||   264
       Deflected         |       |       |     3 ||     3
Block: Large shield      |       |       |   113 ||   113
       Rpst.: Falchion   |       |       |    22 ||    22
